 Dungeon Crawl Stone Soup version 0.27.1-1-g398f81649c (webtiles) character file.

Game seed: 10854497930443451158

191 MajorAdolf the Bolt Thrower (level 5, -8/50 HPs)
             Began as a Naga Wanderer on Sept 10, 2021.
             Mangled by Pikel (10 damage)
             ... while paralysed by Pikel
             ... on level 4 of the Dungeon.
             The game lasted 00:08:29 (6081 turns).

MajorAdolf the Bolt Thrower (Naga Wanderer)         Turns: 6081, Time: 00:08:29

Health: -8/50      AC:  2    Str: 15    XL:     5   Next: 70%
Magic:  5/5        EV:  1    Int: 14    God:
Gold:   72         SH:  0    Dex:  9    Spells: 4/4 levels left

rFire    . . .     SeeInvis +   a - +2 hand crossbow
rCold    + . .     Faith    .   (no shield)
rNeg     . . .     Spirit   .   n - +0 robe
rPois    +         Reflect  .   (no helmet)
rElec    .         Harm     .   (no cloak)
rCorr    .         Rampage  .   (no gloves)
Will     .....                  (no barding)
Stlth    +.........             (no amulet)
HPRegen  0.16/turn              g - ring of protection from cold
MPRegen  0.09/turn              (no ring)

@: paralysed, very slow
A: AC +1, large, see invisible, deformed body, poison resistance, slowness 2,
spit poison 1, naga tail 1
a: Spit Poison


You were on level 4 of the Dungeon.
You visited 1 branch of the dungeon, and saw 4 of its levels.

You collected 162 gold pieces.
You spent 90 gold pieces at shops.

Inventory:

Hand Weapons
 a - a +2 hand crossbow (weapon)
 c - a +0 hunting sling of flaming
 o - a +3 dagger of speed
Missiles
 b - 47 bolts (quivered ammo)
 h - 149 stones
 l - 39 sling bullets
Armour
 n - a +0 robe (worn)
Magical Staves
 m - a staff of poison
Jewellery
 e - a ring of positive energy
 g - a ring of protection from cold (left hand)
Scrolls
 f - a scroll of fear {unknown}
 i - 2 scrolls of identify {unknown}
 q - a scroll of vulnerability {unknown}
Potions
 d - a potion of lignification
 j - 2 potions of curing {unknown}
 k - a potion of cancellation {unknown}
 p - a potion of brilliance {unknown}


   Skills:
 - Level 4.0 Fighting
 - Level 1.0 Maces & Flails
 + Level 5.0 Crossbows
 - Level 1.0 Throwing
 - Level 1.5 Armour
 - Level 1.0 Evocations


You had 4 spell levels left.
You didn't know any spells.
Your spell library contained the following spells:

 Spells                   Type           Power      Damage    Failure   Level
 Foxfire                  Conj/Fire      0%         2x1d4     28%         1
 Ozocubu's Armour         Ice            0%         N/A       65%         3
 Ozocubu's Refrigeration  Ice            0%         4d5       100%        7


Dungeon Overview and Level Annotations

Branches:
Dungeon (4/15)
 Temple: D:4-7

Altars:

Shops:
D:3 :=*(

Annotations:
D:3 exclusion: downstairs
D:4 Pikel


Innate Abilities, Weirdness & Mutations

Your serpentine skin is tough. (AC +1)
You have supernaturally acute eyesight. (SInv)
Armour fits poorly on your strangely shaped body.
Your system is resistant to poisons. (rPois)
You cover ground very slowly.
You can spit poison.
You have a snake-like lower body.


Message History

The lemure is lightly wounded.
Pikel hits you with a +1 whip of freezing!
Pikel freezes you.
Unknown command.
Fire: 51 bolts
Press: ? - help, Q - select action, (/) - cycle Shift-Dir - straight line, f/p - Pikel
Aim: Pikel, wielding a +1 whip of freezing, wearing a +2 robe of cold resistance and carrying a wand of paralysis (3) (moderately wounded, 59% to hit)
You shoot a bolt. The bolt barely misses Pikel.
The bolt hits the lemure.
The lemure is moderately wounded.
Pikel zaps a wand.
You resist with some effort.
Fire: 50 bolts
Press: ? - help, Q - select action, (/) - cycle Shift-Dir - straight line, f/p - Pikel
Aim: Pikel, wielding a +1 whip of freezing, wearing a +2 robe of cold resistance and carrying a wand of paralysis (2) (lightly wounded, 59% to hit)
You shoot a bolt. The bolt hits Pikel!
Pikel is moderately wounded.
Pikel hits you with a +1 whip of freezing. x2
Pikel freezes you.
Fire: 49 bolts
Press: ? - help, Q - select action, (/) - cycle Shift-Dir - straight line, f/p - Pikel
Aim: Pikel, wielding a +1 whip of freezing, wearing a +2 robe of cold resistance and carrying a wand of paralysis (2) (moderately wounded, 59% to hit)
You shoot a bolt. The bolt closely misses Pikel.
The bolt hits the lemure but does no damage.
The lemure is moderately wounded.
You have got your breath back.
Pikel hits you with a +1 whip of freezing!
* * * LOW HITPOINT WARNING * * *
Pikel freezes you.
* * * LOW HITPOINT WARNING * * *
Fire: 48 bolts
Press: ? - help, Q - select action, (/) - cycle Shift-Dir - straight line, f/p - Pikel
Aim: Pikel, wielding a +1 whip of freezing, wearing a +2 robe of cold resistance and carrying a wand of paralysis (2) (moderately wounded, 59% to hit)
You shoot a bolt. The bolt hits Pikel!
Pikel is severely wounded.
Pikel zaps a wand.
You suddenly lose the ability to move!
Pikel hits you with a +1 whip of freezing!
* * * LOW HITPOINT WARNING * * *
Pikel freezes you.
* * * LOW HITPOINT WARNING * * *
Pikel hits you with a +1 whip of freezing!
You die...

#### ..#
##############.#
##+#......#<)@K55.#
........#.######).#####
.................>....##
..:.............#.##...#
##+#..........5.'......#
#.###.......(#.#....# #.
#.......5#.#....# .
.'........#.# ...#
.#.###........#.# #+##


You could see Pikel and 2 lemures.

Vanquished Creatures
  A lemure (D:3)
  A centaur skeleton (D:4)
  An orc wizard (D:4)
  4 gnolls
  3 adders
  A worm (D:2)
  A dart slug (D:2)
  4 orcs (D:4)
  5 bats
  6 endoplasms
  A giant cockroach (D:3)
  4 goblins
  12 hobgoblins
  6 kobolds
  5 quokkas
  2 ball pythons
  3 frilled lizards (D:2)
  3 rats
63 creatures vanquished.

Vanquished Creatures (others)
  A plant (D:3)
1 creature vanquished.

Grand Total: 64 creatures vanquished

Notes
Turn   | Place    | Note
-------+----------+-------------------------------------------
     0 | D:1      | MajorAdolf the Naga Wanderer began the quest for the Orb.
     0 | D:1      | MajorAdolf set off with the following items: a +2 hand
                  | crossbow, 18 bolts, a +0 ring mail, a potion of
                  | lignification
     0 | D:1      | Reached XP level 1. HP: 22/22 MP: 1/1
   324 | D:1      | Found a faded altar of an unknown god.
   332 | D:1      | Got Plato's Disquisition on Arcane Weapons
   336 | D:1      | Reached XP level 2. HP: 30/30 MP: 2/2
   376 | D:1      | Reached skill level 2 in Crossbows
   668 | D:1      | Reached XP level 3. HP: 36/36 MP: 3/3
  1208 | D:2      | Reached skill level 3 in Crossbows
  1616 | D:2      | Reached XP level 4. HP: 44/44 MP: 4/4
  2237 | D:3      | Found Camepsur's Antique Weapon Emporium.
  2238 | D:3      | Found Wuack's General Store.
  2249 | D:3      | Bought a runed hunting sling for 90 gold pieces
  2575 | D:3      | Found Bojourr's Book Emporium.
  3061 | D:3      | Found Jebu's Jewellery Shoppe.
  3107 | D:4      | Reached skill level 4 in Crossbows
  3265 | D:4      | Reached XP level 5. HP: 48/50 MP: 5/5
  4306 | D:4      | Noticed a lemure
  4306 | D:4      | Noticed a lemure
  4336 | D:3      | Killed a lemure
  4938 | D:4      | Noticed Pikel
  4938 | D:4      | Noticed a lemure
  4938 | D:4      | Noticed a lemure
  5261 | D:4      | Reached skill level 5 in Crossbows
  6079 | D:4      | Paralysed by Pikel for 5 turns
  6080 | D:4      | HP: 1/50 [Pikel (2)]
  6081 | D:4      | Mangled by Pikel

Illustrated notes

Levels and vault maps discovered:
D:1:      minmay_arrival_statue_studded, layout_basic,
          shapermc_ecumenical_altar_rom_forum
D:2:      layout_loops_ring
D:3:      layout_basic, serial_shops, nicolae_shop_overgrown_old_shop,
          shop_statue, shop, shop, minmay_misc_feat_ornament
D:4:      layout_basic, lemuel_tele_altar, uniq_pikel, uniq_ijyb

Skill      XL: |  1  2  3  4  5 |
---------------+----------------+-----
Crossbows      | 2 3 4 5 |  5.0
Fighting       | |  4.0
Maces & Flails | |  1.0
Throwing       | |  1.0
Armour         | |  1.5
Evocations     | |  1.0

Action                   |  1- 3 |  4- 6 || total
-------------------------+-------+-------++-------
Melee: Dagger            |    46 |    15 ||    61
 Fire: Hand crossbow     |     2 |    24 ||    26
       Hunting sling     |       |    91 ||    91
Throw: Stone             |    20 |    11 ||    31
 Abil: Spit Poison       |    35 |    14 ||    49
Armor: Ring mail         |    13 |     3 ||    16
       Robe              |       |    19 ||    19
Dodge: Dodged            |    24 |    46 ||    70
